 Dungeon Crawl Stone Soup version 0.29-a0-1052-g6990b1bffc (webtiles) character file.

Game seed: 15729890476571647928

195 Zeldest the Ruffian (level 5, -1/53 HPs)
             Began as a Troll Chaos Knight on Aug 18, 2022.
             Was a Plaything of Xom.
             Slain by Edmund
             ... wielding a +1 vorpal flail
              (4 damage)
             ... on level 4 of the Dungeon.
             The game lasted 00:02:43 (2260 turns).

Zeldest the Ruffian (Troll Chaos Knight)            Turns: 2260, Time: 00:02:44

Health: -1/53      AC:  6    Str: 20    XL:     5   Next: 45%
Magic:  4/4        EV:  9    Int: 10    God:    Xom [..*...]
Gold:   210        SH:  0    Dex:  9    Spells: 4/4 levels left

rFire   . . .      SeeInvis .     - Unarmed
rCold   . . .      Faith    .   (no shield)
rNeg    . . .      Spirit   .   a - +2 robe
rPois   .          Reflect  .   (helmet restricted)
rElec   .          Harm     .   (no cloak)
rCorr   +          Rampage  .   (gloves unavailable)
Will    .....                   (boots unavailable)
Stlth   +.........              (no amulet)
HPRegen 0.97/turn               e - ring of resist corrosion
MPRegen 0.09/turn               (no ring)

@: mighty
A: large, unfitting armour, claws 3, regeneration 1, shaggy fur 1, tough skin 1
a: Renounce Religion


You were on level 4 of the Dungeon.
You worshipped Xom.
You were a toy of Xom.
You visited 1 branch of the dungeon, and saw 4 of its levels.

You collected 210 gold pieces.

Inventory:

Missiles
 d - a throwing net
Armour
 a - a +2 robe (worn)
Magical Staves
 l - a staff of poison
Jewellery
 e - a ring of resist corrosion (left claw)
 q - the ring "Wuwkeutt" {rElec rF+ rC- Int-4 SInv}
   (You found it on level 4 of the Dungeon)

   [ring of protection from fire]

   Int:       It affects your intelligence (-4).
   rF:        It protects you from fire.
   rC:        It makes you vulnerable to cold.
   rElec:     It insulates you from electricity.
   SInv:      It lets you see invisible.
Scrolls
 f - 3 scrolls of vulnerability {unknown}
 g - a scroll of silence {unknown}
 j - a scroll of fog {unknown}
 o - 2 scrolls of poison {unknown}
Potions
 c - a potion of curing
 h - 2 potions of brilliance
 i - 2 potions of flight
 k - a potion of cancellation
 n - 2 potions of mutation
 p - a potion of heal wounds {unknown}
 r - a potion of magic {unknown}
Miscellaneous
 b - a piece from Xom's chessboard (15/15) (quivered)


   Skills:
 + Level 3.5 Fighting
 - Level 1.9 Dodging
 * Level 5.4 Unarmed Combat


You had 4 spell levels left.
You didn't know any spells.
Your spell library contained the following spells:

 Spells                   Type           Power      Damage    Failure   Level
 Apportation              Tloc           0%         N/A       36%         1
 Portal Projectile        Hex/Tloc       0%         N/A       75%         3
 Tukima's Dance           Hex            0%         N/A       75%         3
 Alistair's Intoxication  Tmut/Pois      0%         N/A       100%        5
 Blade Hands              Tmut           0%         N/A       100%        5


Dungeon Overview and Level Annotations

Branches:
Dungeon (4/15)
 Temple: D:4-7

Altars:
Elyvilon
Hepliaklqana

Shops:
D:2 !

Annotations:
D:4 Edmund


Innate Abilities, Weirdness & Mutations

You are too large for most types of armour.
You have claws for hands.
Your natural rate of healing is unusually fast.
You are covered in fur. (AC +1)
You have tough skin. (AC +1)


Message History

Edmund is nearby!
You barely miss Edmund.
Edmund is lightly wounded.
Edmund hits you with a +1 vorpal flail.
Edmund is nearby!
You barely miss Edmund.
Edmund is lightly wounded.
Edmund asks, "Have you met my wondrous brother?"
Edmund hits you with a +1 vorpal flail.
You are too injured to fight recklessly!
You are too injured to fight recklessly!
You scratch Edmund but do no damage.
Edmund is lightly wounded.
You scratch Edmund.
Edmund is lightly wounded.
Edmund hits you with a +1 vorpal flail!
You scratch Edmund.
Edmund is moderately wounded.
Edmund hits you with a +1 vorpal flail.
You barely miss Edmund.
Edmund is moderately wounded.
Edmund hits you with a +1 vorpal flail!
* * * LOW HITPOINT WARNING * * *
x2 You scratch Edmund but do no damage.
Edmund is moderately wounded.
Edmund hits you with a +1 vorpal flail!
* * * LOW HITPOINT WARNING * * *
x2 You feel better.
Edmund barely misses you.
You feel better. Edmund hits you with a +1 vorpal flail.
It was a potion of might.
You feel very mighty all of a sudden.
Xom roars with laughter!
Edmund hits you with a +1 vorpal flail.
* * * LOW HITPOINT WARNING * * *
x2 You mangle Edmund!!
Edmund is severely wounded.
Edmund hits you with a +1 vorpal flail!
* * * LOW HITPOINT WARNING * * *
You die...
Xom giggles madly!

#.. #.##..
##..###..#.# .#
.....)...#.# .#
##.#...#.#.##### .#
#.##..........# .#
#.##.##.#.###.# .#
#.##.##.#.# #.# .#
#.......#.###.##@##
###...###......@..#
##.....###.##.###.#
##.......##.##.. #
#.........#.##...
'.........+ .....
#.........# #.....
##.......## ##.#..#
###.....## ..... #
##...##


You could see Edmund.

Vanquished Creatures
  An orc priest (D:3)
  3 gnolls (D:3)
  5 adders
  4 worms
  2 dart slugs
  8 orcs (D:3)
  3 ball pythons
  2 bats (D:2)
  6 endoplasms
  3 giant cockroaches
  7 goblins
  4 hobgoblins
  2 jackals (D:2)
  2 quokkas
  3 frilled lizards
  4 kobolds
  10 rats
69 creatures vanquished.

Notes
Turn   | Place    | Note
-------+----------+-------------------------------------------
     0 | D:1      | Zeldest the Troll Chaos Knight began the quest for the Orb.
     0 | D:1      | Reached XP level 1. HP: 22/22 MP: 0/0
   136 | D:1      | Reached XP level 2. HP: 23/29 MP: 1/1
   240 | D:1      | XOM: cast spell 'Call Canine Familiar'
   267 | D:1      | XOM: silly message
   648 | D:2      | Found a faded altar of an unknown god.
   726 | D:2      | Reached XP level 3. HP: 36/36 MP: 2/2
   771 | D:2      | Reached skill level 4 in Unarmed Combat
   970 | D:2      | Found Tetreos's Distillery.
   980 | D:2      | XOM: divination: detect creatures
   999 | D:2      | XOM: cloud trail
  1267 | D:3      | Reached XP level 4. HP: 45/45 MP: 3/3
  1361 | D:3      | Reached skill level 5 in Unarmed Combat
  1382 | D:3      | Found a hazy altar of Hepliaklqana.
  1523 | D:3      | Reached XP level 5. HP: 53/53 MP: 4/4
  1561 | D:3      | XOM: noise
  1746 | D:4      | Identified the ring "Wuwkeutt" {rElec rF+ rC- Int-4 SInv}
  1957 | D:4      | Found a white marble altar of Elyvilon.
  2075 | D:4      | XOM is BORED!
  2195 | D:4      | XOM: noise
  2247 | D:4      | Noticed Edmund
  2260 | D:4      | Slain by Edmund

Illustrated notes

Levels and vault maps discovered:
D:1:      evilmike_arrival_crescent, layout_basic
D:2:      layout_loops_ring, serial_shops, nicolae_shop_waterfront,
          shapermc_ecumenical_altar_mp_highgroup, chequers_serial_rivers_small_b
D:3:      layout_rooms, amcnicky_altar_gilded, glass_columns_b
D:4:      layout_loops_corners, lemuel_crystal_altar, uniq_grinder, uniq_edmund

Skill      XL: |  1  2  3  4 |
---------------+-------------+-----
Unarmed Combat | 4 5 |  5.4
Fighting       | 3 |  3.5
Dodging        | |  1.9

Action                   |  1- 3 |  4- 6 || total
-------------------------+-------+-------++-------
Melee: Unarmed           |    73 |    73 ||   146
       Punch             |     2 |     1 ||     3
  Use: Scroll            |       |     6 ||     6
       Potion            |       |     4 ||     4
 Stab: Sleeping          |     1 |       ||     1
       Invisible         |       |     3 ||     3
       Distracted        |       |     1 ||     1
Armor: Robe              |    18 |    30 ||    48
Dodge: Dodged            |    21 |    23 ||    44

Table legend: (Time is in decaauts)
 A = Elapsed time spent in this place.
 B = Non-inter-level travel time spent in this place.
 C = Inter-level travel time spent in this place.
 D = Time resting spent in this place.
 E = Time spent auto-exploring this place.
 F = Levels seen in this place.
 G = Mean time per level.
                   A        B        C        D        E       F      G
               +--------+--------+--------+--------+--------+-----+--------+
         Total |   2248 |   2214 |     34 |      0 |   1812 |   4 |  562.0 |
       Dungeon |   2248 |   2214 |     34 |      0 |   1812 |   4 |  562.0 |
               +--------+--------+--------+--------+--------+-----+--------+

Top non-repeatable levels by time:
     D:2: 685 daAuts
     D:3: 522 daAuts
     D:1: 521 daAuts
     D:4: 519 daAuts
